 Dungeon Crawl Stone Soup version 0.28.0-43-g3370ac3207 (webtiles) character file.

Game seed: 11219934708179666065

21 Iusername the Skirmisher (level 2, -1/27 HPs)
             Began as a Minotaur Fighter on Apr 1, 2022.
             Slain by a giant cockroach (2 damage)
             ... on level 2 of the Dungeon.
             The game lasted 00:02:27 (765 turns).

Iusername the Skirmisher (Minotaur Fighter)          Turns: 765, Time: 00:02:27

Health: -1/27      AC:  8    Str: 20    XL:     2   Next: 65%
Magic:  1/1        EV:  9    Int:  5    God:
Gold:   32         SH:  4    Dex:  9    Spells: 1/1 levels left

rFire   . . .      SeeInvis .   a - +0 long sword
rCold   . . .      Faith    .   c - +0 buckler
rNeg    . . .      Spirit   .   b - +0 scale mail
rPois   .          Reflect  .   (helmet restricted)
rElec   .          Harm     .   (no cloak)
rCorr   .          Rampage  .   i - +0 pair of gloves
Will    .....                   (no boots)
Stlth   ..........              (no amulet)
HPRegen 0.09/turn               (no ring)
MPRegen 0.07/turn               (no ring)

@: no status effects
A: horns 2, retaliatory headbutt
a: no special abilities


You were on level 2 of the Dungeon.
You visited 1 branch of the dungeon, and saw 2 of its levels.

You collected 32 gold pieces.

Inventory:

Hand Weapons
 a - a +0 long sword (weapon)
 h - a +0 dagger of speed
Armour
 b - a +0 scale mail (worn)
 c - a +0 buckler (worn)
 i - a +0 pair of gloves (worn)
Potions
 d - a potion of might
 e - a potion of resistance {unknown}
 f - a potion of haste {unknown}
 g - a potion of berserk rage {unknown}


   Skills:
 + Level 4.0 Fighting
 + Level 2.6 Long Blades
 + Level 4.0 Armour
 + Level 4.0 Shields


You had one spell level left.
You didn't know any spells.
Your spell library was empty.

Dungeon Overview and Level Annotations

Branches:
Dungeon (2/15)

Altars:

Annotations:
D:2 Jessica


Innate Abilities, Weirdness & Mutations

You have a pair of horns on your head.
You reflexively headbutt those who attack you in melee.


Message History

Jessica mumbles some strange words.
Jessica seems to speed up.
Jessica gestures wildly while chanting.
Jessica blinks!
You see here a +0 dagger.
The giant cockroach closely misses you.
Jessica casts a spell.
Jessica blinks!
You see here a +0 dagger.
Jessica points at you and mumbles some strange words.
Pain shoots through your body!
The giant cockroach bites you but does no damage.
The giant cockroach bites you but does no damage.
Jessica mumbles some strange words.
Jessica blinks!
You see here a +0 dagger.
You closely miss the giant cockroach. The giant cockroach barely misses you.
You furiously retaliate!
You headbutt the giant cockroach.
The giant cockroach bites you but does no damage.
The giant cockroach bites you but does no damage.
Jessica casts a spell at you. Pain shoots through your body!
* * * LOW HITPOINT WARNING * * *
The giant cockroach bites you but does no damage.
Found a stone staircase leading up.
Jessica mumbles some strange words.
Jessica blinks!
You see here a +2 dagger of venom.
You hit the giant cockroach but do no damage.
The giant cockroach is heavily wounded.
Jessica shouts, "You're disturbing me!
I'll have to kill you!" You block the giant cockroach's attack.
The giant cockroach bites you.
* * * LOW HITPOINT WARNING * * *
Found 7 gold pieces.
The giant cockroach closely misses you.
Found a scroll labelled LIFU RAGROBIPYO.
Jessica points at you and mumbles some strange words.
Pain shoots through your body!
* * * LOW HITPOINT WARNING * * *
The giant cockroach bites you.
You die...

#≈P≈≈..
.......≈≈≈≈P.#.###≈≈≈P..
.......P.≈≈P≈#.##.P≈♣P..
........PP♣≈...#..≈≈PP..
#.......P.≈≈P.....P≈≈P..
.........PP≈≈P#P≈P≈♣PP.÷
.........≈P♣≈P≈≈PP♣≈P...
#......≈≈♣≈PPP≈≈♣....
...#..@B.≈≈≈♣♣≈♣♣♣≈P.##
?.......@..≈≈≈≈♣≈≈≈≈P...
..........)≈≈≈≈♣≈♣P≈####
......###.)..≈♣≈≈≈≈≈#
...... ###..≈≈≈≈P≈≈##
....$# #.≈P≈≈P.≈..#
..... #.#≈P≈≈P##.# .<...
#...#..## .# .........#
.#


You could see Jessica (fast) and a giant cockroach.

Vanquished Creatures
  An adder (D:2)
  2 giant cockroaches (D:1)
  2 goblins (D:2)
  3 hobgoblins (D:2)
  A frilled lizard (D:2)
  2 kobolds
11 creatures vanquished.

Vanquished Creatures (others)
  18 plants (D:2)
18 creatures vanquished.

Grand Total: 29 creatures vanquished

Notes
Turn   | Place    | Note
-------+----------+-------------------------------------------
     0 | D:1      | Iusername the Minotaur Fighter began the quest for the Orb.
     0 | D:1      | Reached XP level 1. HP: 19/19 MP: 0/0
   431 | D:1      | You fall into a shaft and drop 1 floor!
   547 | D:2      | Reached XP level 2. HP: 23/27 MP: 1/1
   747 | D:2      | Noticed Jessica
   765 | D:2      | HP: 1/27 [Jessica/nerve-wracking pain (5)]
   765 | D:2      | Slain by a giant cockroach

Illustrated notes

Levels and vault maps discovered:
D:1:      amcnicky_arrival_blooded_trapdoor, layout_loops_corners,
          serial_rivers, chequers_serial_rivers_micro_e,
          chequers_serial_rivers_small_b, chequers_serial_rivers_large_a,
          chequers_serial_rivers_small_3, chequers_serial_rivers_micro_e,
          shapermc_ecumenical_altar_petra, kennysheep_another_room,
          minmay_misc_feat_doors, nrook_loot_triangle, minmay_misc_feat_pillars,
          grunt_decor_junction
D:2:      layout_rooms, hangedman_decor_lopped, serial_bayou_lagoon_a,
          uniq_jessica, uniq_robin

Skill      XL: |  1  2 |
---------------+-------+-----
Fighting       | 4 |  4.0
Armour         | 4 |  4.0
Shields        | 4 |  4.0
Long Blades    | |  2.6

Action                   || total
-------------------------++-------
Melee: Long sword        ||    30
       Headbutt          ||     8
Armor: Scale mail        ||    22
Dodge: Dodged            ||    19
Block: Buckler           ||     7
